 Dungeon Crawl Stone Soup version 0.26-a0-450-ge645bd13c1 (webtiles) character file.

Game seed: 10529456433276133415

7990 MrRokkomies the Grappler (level 10, 0/86 HPs)
             Began as a Demigod Wanderer on July 27, 2020.
             Slain by a yak (12 damage)
             ... on level 10 of the Dungeon.
             The game lasted 00:31:01 (14760 turns).

MrRokkomies the Grappler (Demigod Wanderer)        Turns: 14760, Time: 00:31:03

Health: 0/86       AC:  4    Str: 19    XL:     10   Next: 74%
Magic:  10/13      EV: 16    Int: 18    God:
Gold:   715        SH:  0    Dex: 15    Spells: 0/9 levels left

rFire    + . .     SeeInvis .     - Unarmed
rCold    + . .     Faith    .   (shield currently unavailable)
rNeg     . . .     Spirit   .   I - +2 robe {rC+ rF+}
rPois    .         Reflect  .   (helmet currently unavailable)
rElec    .         Harm     .   (cloak currently unavailable)
rCorr    .                      (gloves currently unavailable)
MR       ++...                  (boots currently unavailable)
Stlth    ++........             (no amulet)
HPRegen  0.24/turn              r - ring of protection from magic
MPRegen  0.13/turn              (no ring)

@: appendages (expiring)
A: horns 2, talons 2, high mp 1
a: End Transformation


You were on level 10 of the Dungeon.
You had grown temporary horns.
You had grown temporary talons.
You visited 1 branch of the dungeon, and saw 10 of its levels.

You collected 715 gold pieces.

Inventory:

Hand Weapons
 h - a +0 shortbow
Missiles
 b - 2 boomerangs
 w - 4 silver boomerangs
 x - 97 arrows
 z - 8 poisoned darts (quivered)
Armour
 f - a +0 pair of boots (melded)
 i - a scarf of shadows (melded)
 k - a +1 pair of gloves (melded)
 p - a +1 helmet (melded)
 I - a +2 robe of resistance (worn)
Magical Staves
 E - an uncursed staff of conjuration
 G - an uncursed staff of wizardry
Jewellery
 r - a ring of protection from magic (left hand)
Wands
 d - a wand of polymorph (5)
 u - a wand of flame (14)
 A - a wand of digging (5)
 F - a wand of iceblast (1)
 J - a wand of disintegration (5)
 K - a wand of paralysis (10)
Scrolls
 a - 5 scrolls of remove curse
 c - 6 scrolls of teleportation
 g - 6 scrolls of immolation
 j - 3 scrolls of enchant weapon
 q - a scroll of amnesia
 y - 5 scrolls of identify
Potions
 e - 2 potions of haste
 l - 2 potions of cancellation
 m - a potion of resistance
 n - 2 potions of brilliance {unknown}
 o - 2 potions of lignification
 s - 2 potions of ambrosia
 t - a potion of flight {unknown}
 v - a potion of degeneration {unknown}
 B - 4 potions of curing
 C - a potion of invisibility {unknown}
 D - a potion of magic {unknown}
 H - a potion of heal wounds
 M - a potion of mutation {unknown}


   Skills:
 + Level 7.1 Fighting
 + Level 6.4 Dodging
 - Level 1.0 Stealth
   Level 1.0 Shields
 * Level 10.3 Unarmed Combat
 - Level 7.0 Transmutations
 * Level 4.6 Ice Magic


You couldn't memorise any spells.
You knew the following spells:

 Your Spells              Type           Power        Failure   Level
a - Beastly Appendage     Tmut           ####..       1%          1
b - Wereblood             Tmut           ####....     1%          2
c - Frozen Ramparts       Ice            ###...       10%         3
d - Confusing Touch       Hex            #.......     54%         3

Your spell library contained the following spells:

 Spells                   Type           Power        Failure   Level
 Freeze                   Ice            ###.         3%          1
 Ozocubu's Armour         Ice            ###.....     10%         3
 Spider Form              Tmut/Pois      ##........   16%         3
 Ice Form                 Ice/Tmut       ###.....     21%         4
 Animate Skeleton         Necr           #.....       22%         1
 Apportation              Tloc           #.....       22%         1
 Corona                   Hex            #......      22%         1
 Summon Small Mammal      Summ           #...         22%         1
 Blade Hands              Tmut           ####......   34%         5
 Petrify                  Tmut/Erth      ##......     45%         4
 Gell's Gravitas          Tloc           #.........   54%         3
 Hailstorm                Conj/Ice       #.......     65%         4
 Summon Ice Beast         Ice/Summ       #.......     65%         4
 Yara's Violent Unravell  Hex/Tmut       ##........   82%         5
 Metabolic Englaciation   Hex/Ice        #.........   94%         5


Dungeon Overview and Level Annotations

Branches:
Dungeon (10/15)            Temple (0/1) D:5            Lair (0/6) D:10
    Orc (0/2) D:10

Shops:
D:7 [


Innate Abilities, Weirdness & Mutations

You have an increased reservoir of magic. (+10% MP)
You have a pair of horns on your head.
You have razor-sharp toenails.


Message History

An orc comes into view. It is wielding a +0 flail.
Unknown command.
You punch the yak! Your kick misses the yak.
The yak is heavily wounded.
The wall freezes the yak. x2; The yak completely misses you.
The wall freezes the yak.
You punch the yak! You headbutt the yak.
The yak is almost dead.
The wall freezes the yak.
The yak gores you!
The wall freezes the yak.
The yak gores you.
* * * LOW HITPOINT WARNING * * *
The wall freezes the yak.
Unknown command.
You closely miss the yak. Your headbutt misses the yak.
The yak is almost dead.
Your transformation is almost over.
The frozen ramparts melt away.
The yak gores you!
* * * LOW HITPOINT WARNING * * *
The yak gores you!
You die...

.#.##.####...# .#.##.#
#.....# .#.##.##....P..#
.#.##.##.P..PP.#
##....#.........##
.................#
...........>.....#
......#..........+
......#....o...Y@#
##.#..##..P..P.#Y####
#....##....P..#YY..#
########.....##.#..#......
####...#####..#.......
#.....##......#........
#.....##......#........#
#.....##....###..........
##..)..##.....Y............


You could see 4 yaks and an orc.

Vanquished Creatures
  2 two-headed ogres (D:8)
  Erica (D:9)
  An elephant (D:10)
  Joseph (D:7)
  2 trolls (D:9)
  A hornet (D:10)
  A meliai zombie (D:10)
  3 hippogriffs
  A wyvern (D:9)
  2 yaks (D:10)
  Menkaure (D:4)
  A floating eye (D:8)
  An orc warrior (D:9)
  2 sky beasts (D:5)
  An ice beast (D:10)
  2 phantoms
  2 ogres
  3 centaurs
  A crocodile (D:10)
  A big kobold (D:9)
  5 bullfrogs
  3 scorpions
  11 killer bees
  2 howler monkeys
  2 quasits
  5 hounds
  5 jellies
  Crazy Yiuf (D:2)
  3 orc priests
  A centaur skeleton (D:7)
  2 iguanas
  4 orc wizards
  12 worker ants
  2 killer bee zombies
  2 worker ant zombies
  A howler monkey zombie (D:8)
  Robin (D:2)
  4 gnolls
  A howler monkey skeleton (D:9)
  7 adders
  3 white imps (D:5)
  2 ufetubi
  2 oozes
  3 adder skeletons
  A worm (D:3)
  A dart slug (D:1)
  10 leopard geckos
  23 orcs
  A ball python (D:5)
  10 bats
  3 giant cockroaches
  18 goblins
  8 hobgoblins
  17 jackals
  5 quokkas
  3 frilled lizards
  8 kobolds
  7 rats
229 creatures vanquished.

Vanquished Creatures (others)
  A leopard gecko (D:5)
1 creature vanquished.

Grand Total: 230 creatures vanquished

Notes
Turn   | Place    | Note
-------+----------+-------------------------------------------
     0 | D:1      | MrRokkomies the Demigod Wanderer began the quest for the
                  | Orb.
     0 | D:1      | MrRokkomies set off with the following items: a +0 club, a
                  | potion of berserk rage, 2 scrolls of teleportation, a +0
                  | robe, a potion of haste
     0 | D:1      | Reached XP level 1. HP: 17/17 MP: 3/3
   273 | D:1      | Reached XP level 2. HP: 24/24 MP: 4/4
  1125 | D:2      | Reached XP level 3. HP: 28/30 MP: 5/5
  1129 | D:2      | Noticed Robin
  1147 | D:2      | Killed Robin
  1152 | D:2      | Reached skill level 5 in Unarmed Combat
  1744 | D:2      | Reached XP level 4. HP: 36/37 MP: 6/6
  1785 | D:2      | Found a glowing silver altar of Zin.
  1962 | D:2      | Found a runed translucent door.
  1963 | D:2      | Noticed Crazy Yiuf
  2166 | D:2      | Killed Crazy Yiuf
  3007 | D:3      | Found a snail-covered altar of Cheibriados.
  3010 | D:3      | Found a shimmering blue altar of Sif Muna.
  3013 | D:3      | Found a hazy altar of Hepliaklqana.
  3258 | D:3      | Reached XP level 5. HP: 9/45 MP: 7/7
  3733 | D:3      | Found an iron altar of Okawaru.
  4389 | D:4      | Found a blossoming altar of Fedhas.
  4407 | D:4      | Learned a level 1 spell: Beastly Appendage
  4410 | D:4      | Learned a level 2 spell: Wereblood
  4630 | D:4      | Noticed Menkaure
  4644 | D:4      | Killed Menkaure
  4644 | D:4      | Reached skill level 1 in Transmutations
  4644 | D:4      | Reached XP level 6. HP: 5/52 MP: 6/8
  5095 | D:4      | Reached skill level 6 in Unarmed Combat
  5201 | D:4      | Found an ancient bone altar of Kikubaaqudgha.
  5350 | D:4      | Found a glowing golden altar of the Shining One.
  5373 | D:5      | Entered Level 5 of the Dungeon
  5520 | D:5      | Found a shadowy altar of Dithmenos.
  5722 | D:5      | Found a white marble altar of Elyvilon.
  6309 | D:5      | Found a staircase to the Ecumenical Temple.
  6319 | D:5      | Reached XP level 7. HP: 55/59 MP: 9/9
  7124 | D:5      | Found a basalt altar of Yredelemnul.
  7815 | D:6      | Reached skill level 7 in Unarmed Combat
  8049 | D:6      | Found a sparkling altar of Nemelex Xobeh.
  8368 | D:7      | Reached XP level 8. HP: 67/67 MP: 10/10
  8578 | D:7      | Reached skill level 5 in Fighting
  8632 | D:7      | Found Cheibriados's Comfort Zone.
  8634 | D:7      | Found a snail-covered altar of Cheibriados.
  8838 | D:7      | Found a radiant altar of Vehumet.
  9034 | D:7      | Found a shattered altar of Ashenzari.
  9230 | D:7      | Reached skill level 5 in Transmutations
  9321 | D:7      | Noticed Joseph
  9336 | D:7      | Killed Joseph
  9336 | D:7      | Reached skill level 8 in Unarmed Combat
  9887 | D:8      | Learned a level 3 spell: Frozen Ramparts
  9977 | D:8      | Noticed a two-headed ogre
  9988 | D:8      | Killed a two-headed ogre
  9988 | D:8      | Reached skill level 5 in Dodging
  9988 | D:8      | Reached XP level 9. HP: 41/75 MP: 11/11
 10154 | D:8      | Noticed a two-headed ogre
 10162 | D:8      | Killed a two-headed ogre
 10162 | D:8      | Reached skill level 9 in Unarmed Combat
 10563 | D:8      | Noticed a two-headed ogre
 10566 | D:8      | a two-headed ogre changed into a floating eye
 11303 | D:9      | Noticed Erica
 11939 | D:9      | Reached skill level 1 in Ice Magic
 12091 | D:9      | Killed Erica
 12091 | D:9      | Reached XP level 10. HP: 84/84 MP: 13/13
 12169 | D:9      | Noticed an eight-headed hydra
 13458 | D:9      | Found an opulent altar of Gozag.
 13477 | D:9      | Learned a level 3 spell: Confusing Touch
 13996 | D:10     | Entered Level 10 of the Dungeon
 14049 | D:10     | Reached skill level 10 in Unarmed Combat
 14343 | D:10     | Noticed an elephant
 14378 | D:10     | Killed an elephant
 14667 | D:10     | Found a staircase to the Lair.
 14677 | D:10     | Found a staircase to the Orcish Mines.
 14760 | D:10     | Slain by a yak

Illustrated notes

Levels and vault maps discovered:
D:1:      minmay_arrival_diagonal_passages, layout_loops_corners, serial_forest,
          infiniplex_forest_lined_ring, infiniplex_forest_straight_2,
          infiniplex_forest_pool, infiniplex_forest_diagonal,
          infiniplex_forest_lined_room_, infiniplex_forest_clump_diagonal,
          infiniplex_forest_lined_2, infiniplex_forest_clump_medium
D:2:      layout_loops_ring, marbit_many_paths, uniq_robin,
          uniq_crazy_yiuf_cottage
D:3:      minmay_angry_zag, layout_basic, grunt_temple_overflow_diamond,
          okawaru_ov_weapons_minmay, minmay_misc_feat_four_crosses
D:4:      layout_loops_ring, kiku_gazebo_garden_becter, old_standard_altar,
          tso_altar, uniq_menkaure
D:5:      layout_loops_corners, elyvilon_altar_4,
          nicolae_overflow_crystal_walls, minmay_temple_entry_stoned_glass,
          basic_altar, minmay_bent
D:6:      layout_loops_ring, kennysheep_mini_moat, kennysheep_generic_room_4
D:7:      layout_basic, evilmike_ruin_ashenzari, kennysheep_little_box,
          minmay_shop_chei, uniq_joseph
D:8:      layout_layer_cave, minmay_joined_circles
D:9:      kennysheep_blocky_room, layout_irregular_city,
          grunt_gozag_breadcrumbs, uniq_erica
D:10:     layout_stronghold, david_lair_generic, orc_0_dummy,
          serial_column_ruins, column_ruins_hut, column_ruins_hut_pillars,
          column_ruins_open_tiny, column_ruins_grid_1, column_ruins_grid_2,
          column_ruins_columns_straight, column_ruins_columns_dead_end,
          kennysheep_potato

Skill      XL: |  1  2  3  4  5  6  7  8  9 10 |
---------------+-------------------------------+-----
Fighting       | 2 3 4 5 6 7 |  7.1
Unarmed Combat | 5 6 7 8 9 10 | 10.3
Dodging        | 2 3 5 6 |  6.4
Transmutations | 1 2 3 6 7 |  7.0
Ice Magic      | 2 4 |  4.6
Stealth        | |  1.0
Shields        | |  1.0

Action                   |  1- 3 |  4- 6 |  7- 9 | 10-12 || total
-------------------------+-------+-------+-------+-------++-------
Melee: Unarmed           |   215 |   344 |   432 |   167 ||  1158
       Punch             |       |     8 |    21 |     9 ||    38
       Kick              |       |       |     5 |    17 ||    22
       Headbutt          |       |       |     1 |    16 ||    17
Throw: Throwing net      |       |       |     1 |       ||     1
       Dart              |       |       |     1 |     5 ||     6
       Boomerang         |       |       |     1 |       ||     1
 Cast: Beastly Appendage |       |       |     2 |     7 ||     9
       Frozen Ramparts   |       |       |       |     7 ||     7
Evoke: Wand              |       |       |    18 |     1 ||    19
  Use: Scroll            |       |     8 |     6 |     3 ||    17
       Potion            |       |     4 |     6 |     2 ||    12
 Stab: Distracted        |       |     1 |       |       ||     1
       Held in net/web   |       |       |     1 |       ||     1
Armor: Scale mail        |   120 |   147 |   154 |       ||   421
       Skin              |       |       |    35 |       ||    35
       Robe              |       |       |       |    36 ||    36
Dodge: Dodged            |   126 |   176 |   208 |   167 ||   677

Table legend: (Time is in decaauts)
 A = Elapsed time spent in this place.
 B = Non-inter-level travel time spent in this place.
 C = Inter-level travel time spent in this place.
 D = Time resting spent in this place.
 E = Time spent auto-exploring this place.
 F = Levels seen in this place.
 G = Mean time per level.
                   A        B        C        D        E       F      G
               +--------+--------+--------+--------+--------+-----+--------+
         Total |  14596 |  14291 |    305 |   4037 |   8200 |  10 | 1459.6 |
       Dungeon |  14596 |  14291 |    305 |   4037 |   8200 |  10 | 1459.6 |
               +--------+--------+--------+--------+--------+-----+--------+

Top non-repeatable levels by time:
     D:9: 2270 daAuts
     D:5: 2074 daAuts
     D:3: 1735 daAuts
     D:7: 1727 daAuts
     D:8: 1672 daAuts
     D:2: 1391 daAuts
     D:4: 1147 daAuts
     D:1: 1088 daAuts
    D:10: 751 daAuts
     D:6: 736 daAuts
